 Dungeon Sprint DCSS version 0.23.2-40-g277498a001 (webtiles) character file.

Game seed: 11095990194614071211

5618 Cryoshakespeare the Thaumaturge (level 10, -14/71 HPs)
             Began as an Octopode Wizard on Sept 23, 2019.
             Was the Champion of Cheibriados.
             Demolished by an orc warrior
             ... wielding a cursed -3 battleaxe
              (41 damage)
             ... in the Dungeon (Sprint IX: "|||||||||||||||||||||||||||||").
             The game lasted 00:16:19 (2222 turns).

Cryoshakespeare the Thaumaturge (Octopode Wizard)   Turns: 2222, Time: 00:16:20

Health: -14/71     AC:  1    Str: 21    XL:     10   Next: 73%
Magic:  23/25      EV: 26    Int: 39    God:    Cheibriados [******]
Gold:   657        SH:  0    Dex: 26    Spells: 15/32 levels left

rFire    . . .     SeeInvis .   l - staff of energy
rCold    . . .     Gourm    .   (no shield)
rNeg     . . .     Faith    .   a - +0 hat
rPois    .         Spirit   .   (no amulet)
rElec    .         Reflect  .   m - +2 ring of evasion
rCorr    .         Harm     .   n - +2 ring of evasion
MR       .....     NoTele   +   (no ring)
Stlth    +++++.....             (no ring)
HPRegen  0.21/turn              (no ring)
MPRegen  0.19/turn              (no ring)
                                (no ring)
                                (no ring)

@: very slow
A: almost no armour, stealthy swim, amphibious, 8 rings, constrict 8, camouflage
1, gelatinous body 1
a: Bend Time, Temporal Distortion, Slouch, Step From Time, Renounce Religion


You were in the Dungeon.
You worshipped Cheibriados.
Cheibriados was exalted by your worship.
You were not hungry.

You visited 1 branch You collected 657 gold pieces.

Inventory:

Armour
 a - a +0 hat (worn)
Magical Staves
 l - an uncursed staff of energy (weapon)
Jewellery
 m - a +2 ring of evasion (left tentacle)
 n - a +2 ring of evasion (right tentacle)
Wands
 k - a wand of acid (10)
Scrolls
 h - 4 scrolls of remove curse
 i - 3 scrolls of blinking
 j - 3 scrolls of amnesia
 r - a scroll of fog
 s - 2 scrolls of enchant armour
 t - a scroll of identify
Potions
 b - a potion of invisibility
 d - 6 potions of heal wounds
 e - 4 potions of curing
 f - a potion of haste
 g - 4 potions of magic
 o - a potion of mutation
 p - a potion of might
 q - 2 potions of brilliance
Comestibles
 c - 11 rations
 u - 2 chunks of flesh


   Skills:
 - Level 7.5 Fighting
 - Level 9.2 Dodging
 - Level 7.1 Stealth
 - Level 3.7 Unarmed Combat
 + Level 11.5 Spellcasting
 + Level 9.3 Conjurations
 - Level 7.3 Summonings
 - Level 1.0 Translocations
 - Level 6.9 Fire Magic
 + Level 5.8 Ice Magic
 - Level 7.0 Air Magic
 - Level 8.6 Poison Magic


You had 15 spell levels left.
You knew the following spells:

 Your Spells              Type           Power        Failure   Level  Hunger
a - Magic Dart            Conj           ####         1%          1    None
b - Call Imp              Summ           ######..     1%          2    None
c - Conjure Flame         Conj/Fire      ######..     1%          3    None
d - Blink                 Tloc           N/A          1%          2    None
e - Mephitic Cloud        Conj/Pois/Air  ######..     1%          3    None
f - Bolt of Cold          Conj/Ice       ######....   11%         6    None

Your spell library contained the following spells:

 Spells                   Type           Power        Failure   Level  Hunger
 Throw Frost              Conj/Ice       ######       1%          2    None
 Slow                     Hex            ###.....     2%          2    None
 Aura of Abjuration       Summ           ######....   2%          5    None
 Malign Gateway           Summ/Tloc      ######....   94%         7    None


Dungeon Overview and Level Annotations

Branches:
Dungeon (1/1)

Altars:
Cheibriados
Dithmenos
Elyvilon
Fedhas
Gozag
Hepliaklqana
Kikubaaqudgha
Makhleb
Nemelex Xobeh
Okawaru
Qazlal
Ru
Sif Muna
Trog
Uskayaw
Vehumet
Wu Jian
Xom
Yredelemnul
Zin
The Shining One
Beogh
Jiyva
Lugonu


Innate Abilities, Weirdness & Mutations

You cannot wear most types of armour.
You are very stealthy in the water. (Stealth+)
You are amphibious.
You can wear up to eight rings at the same time.
You can use your tentacles to constrict eight enemies at once.
Your skin changes colour to match your surroundings (Stealth+).
Your rubbery body absorbs attacks. (AC +1, EV +1)


Message History

The orc warrior completely misses you.
Unknown command.
You hit the orc warrior but do no damage.
The orc warrior is lightly wounded.
You constrict the orc warrior, but do no damage.
The orc knight is engulfed in blazing flames.
The orc knight roars a battlecry!
The orc knight goes into a battle-frenzy!
The orc warrior hits you with a cursed -3 battleaxe!!!
Ouch! That really hurt!
Casting: Conjure Flame (safe; 1% risk of failure)
Confirm with . or Enter, or press ? or * to list all spells.
Okay, then.
You fail to use your ability.
You constrict the orc warrior.
The orc knight is engulfed in blazing flames.
Unknown command.
You fail to use your ability.
You constrict the orc warrior!
The orc warrior hits you with a cursed -3 battleaxe!!!
Ouch! That really hurt!
You die...

▓▓▓▓▓▓▓▓▓▓▓▓▓▓▓▓▓▓▓▓▓▓▓▓
..)'[)).........@ooooo$o
▓▓▓▓▓▓▓▓▓▓▓▓▓▓▓▓▓▓▓▓▓▓▓▓▓▓▓▓▓▓▓▓▓
.................................
▓▓▓▓▓▓▓▓▓▓▓▓▓▓▓▓▓▓▓▓▓▓▓▓▓▓▓▓▓▓▓▓▓
...(.).....'÷.......÷÷.........†÷
▓▓▓▓▓▓▓▓▓▓▓▓▓▓▓▓▓▓▓▓▓▓▓▓▓▓▓▓▓▓▓▓▓
.................................
▓▓▓▓▓▓▓▓▓▓▓▓▓▓▓▓▓▓▓▓▓▓▓▓▓▓▓▓▓▓▓▓▓
÷.....'________________________'.


You could see 2 orc knights, an orc high priest and 3 orc warriors.

Vanquished Creatures
  2 hydras (D)
  An orc knight (D)
  2 komodo dragons (D)
  A hornet (D)
  5 polar bears (D)
  A hippogriff (D)
  A yak (D)
  Eustachio (D)
  A porcupine (D)
  8 water moccasins (D)
  3 black bears (D)
  2 orc warriors (D)
  A sky beast (D)
  2 centaurs (D)
  A wolf (D)
  3 crocodiles (D)
  2 bullfrogs (D)
  A jelly (D)
  3 orc priests (D)
  An orc wizard (D)
  A worker ant (D)
  7 orcs (D)
  A bat zombie (D)
  A giant cockroach (D)
  2 goblins (D)
  A quokka (D)
  2 bats (D)
  A quokka skeleton (D)
  A rat (D)
59 creatures vanquished.

Vanquished Creatures (collateral kills)
  A water moccasin (D)
  An adder (D)
  A quokka (D)
3 creatures vanquished.

Grand Total: 62 creatures vanquished

Notes
Turn   | Place    | Note
-------+----------+-------------------------------------------
     0 | D        | Cryoshakespeare the Octopode Wizard began the quest for the
                  | Orb.
     0 | D        | Reached XP level 1. HP: 11/11 MP: 4/4
   215 | D        | Noticed a worker ant
   215 | D        | Noticed a water moccasin
   215 | D        | Noticed a sky beast
   222 | D        | Reached XP level 2. HP: 13/17 MP: 6/6
   230 | D        | Reached skill level 4 in Spellcasting
   236 | D        | Reached skill level 1 in Unarmed Combat
   236 | D        | Reached skill level 5 in Spellcasting
   236 | D        | Reached XP level 3. HP: 21/22 MP: 6/9
   240 | D        | Killed a water moccasin
   240 | D        | Reached skill level 1 in Fighting
   240 | D        | Reached skill level 5 in Dodging
   240 | D        | Reached skill level 7 in Spellcasting
   240 | D        | Reached XP level 4. HP: 15/28 MP: 7/13
   240 | D        | Reached XP level 5. HP: 18/33 MP: 7/14
   250 | D        | Killed a sky beast
   250 | D        | Reached skill level 8 in Spellcasting
   250 | D        | Reached XP level 6. HP: 10/38 MP: 9/17
   268 | D        | Found a roughly hewn altar of Beogh.
   268 | D        | Found a snail-covered altar of Cheibriados.
   268 | D        | Found a shadowy altar of Dithmenos.
   268 | D        | Found a white marble altar of Elyvilon.
   268 | D        | Found a blossoming altar of Fedhas.
   268 | D        | Found an opulent altar of Gozag.
   268 | D        | HP: 1/38 [poisoned by a water moccasin]
   269 | D        | Found a hazy altar of Hepliaklqana.
   270 | D        | Found a viscous altar of Jiyva.
   271 | D        | Found an ancient bone altar of Kikubaaqudgha.
   273 | D        | Became a worshipper of Cheibriados the Contemplative
   567 | D        | Found a corrupted altar of Lugonu.
   568 | D        | Found a burning altar of Makhleb.
   569 | D        | Found a sparkling altar of Nemelex Xobeh.
   570 | D        | Found an iron altar of Okawaru.
   571 | D        | Found a stormy altar of Qazlal.
   572 | D        | Found a sacrificial altar of Ru.
   573 | D        | Found a deep blue altar of Sif Muna.
   574 | D        | Found a bloodstained altar of Trog.
   575 | D        | Found a hide-covered altar of Uskayaw.
   576 | D        | Found a radiant altar of Vehumet.
   577 | D        | Found an ornate altar of the Wu Jian Council.
   578 | D        | Found a shimmering altar of Xom.
   579 | D        | Found a basalt altar of Yredelemnul.
   580 | D        | Found a glowing silver altar of Zin.
   581 | D        | Found a glowing golden altar of the Shining One.
   586 | D        | Learned a level 2 spell: Call Imp
   590 | D        | Learned a level 3 spell: Conjure Flame
   593 | D        | Learned a level 2 spell: Blink
   597 | D        | Learned a level 3 spell: Mephitic Cloud
   623 | D        | Noticed a water moccasin
   623 | D        | Noticed a hornet
   629 | D        | Reached skill level 1 in Fire Magic
   629 | D        | Reached skill level 1 in Air Magic
   629 | D        | Reached skill level 1 in Poison Magic
   637 | D        | Killed a water moccasin
   637 | D        | Reached * piety under Cheibriados
   639 | D        | Reached ** piety under Cheibriados
   652 | D        | Killed a hornet
   652 | D        | Reached *** piety under Cheibriados
   652 | D        | Reached XP level 7. HP: 46/46 MP: 3/19
   773 | D        | Noticed a komodo dragon
   773 | D        | Noticed a hippogriff
   778 | D        | Killed a komodo dragon
   778 | D        | Reached **** piety under Cheibriados
   778 | D        | Reached skill level 9 in Spellcasting
   782 | D        | Killed a hippogriff
   782 | D        | Reached skill level 5 in Poison Magic
   782 | D        | Reached XP level 8. HP: 30/54 MP: 13/21
   796 | D        | Reached ***** piety under Cheibriados
   998 | D        | Got the Volume of Harmful Creation
  1010 | D        | Noticed a komodo dragon
  1010 | D        | Noticed a four-headed hydra
  1018 | D        | Reached skill level 5 in Fighting
  1022 | D        | Killed a komodo dragon
  1022 | D        | Reached skill level 5 in Conjurations
  1022 | D        | Reached skill level 5 in Summonings
  1024 | D        | Noticed a yak
  1025 | D        | Killed a four-headed hydra
  1025 | D        | Reached skill level 5 in Fire Magic
  1025 | D        | Reached skill level 5 in Air Magic
  1025 | D        | Reached XP level 9. HP: 48/62 MP: 13/22
  1040 | D        | Reached ****** piety under Cheibriados
  1051 | D        | Reached skill level 10 in Spellcasting
  1256 | D        | Noticed an eight-headed hydra
  1275 | D        | Killed an eight-headed hydra
  1275 | D        | Reached XP level 10. HP: 10/71 MP: 15/24
  1568 | D        | Learned a level 6 spell: Bolt of Cold
  1623 | D        | Reached skill level 1 in Ice Magic
  1631 | D        | Reached skill level 11 in Spellcasting
  1804 | D        | Noticed Eustachio
  1821 | D        | Killed Eustachio
  2038 | D        | Noticed an orc knight
  2038 | D        | Reached skill level 5 in Ice Magic
  2054 | D        | Killed an orc knight
  2217 | D        | Noticed an orc knight
  2217 | D        | Noticed an orc knight
  2217 | D        | Noticed an orc high priest
  2222 | D        | Demolished by an orc warrior

Skill      XL: |  1  2  3  4  5  6  7  8  9 10 |
---------------+-------------------------------+-----
Stealth        | 3 4 6 7 |  7.1
Dodging        | 3 5 6 7 8 9 |  9.2
Spellcasting   | 5 7 8 9 10 11 | 11.5
Unarmed Combat | 1 2 3 |  3.7
Fighting       | 1 3 4 6 7 |  7.5
Fire Magic     | 2 4 5 6 |  6.9
Air Magic      | 2 4 5 6 7 |  7.0
Poison Magic   | 3 5 6 8 |  8.6
Conjurations   | 3 4 5 6 9 |  9.3
Summonings     | 3 4 5 7 |  7.3
Ice Magic      | 5 |  5.8
Translocations | |  1.0

Action                   |  1- 3 |  4- 6 |  7- 9 | 10-12 || total
-------------------------+-------+-------+-------+-------++-------
Melee: Unarmed           |    27 |    10 |       |       ||    37
       Constrict         |     7 |     1 |     3 |    11 ||    22
       Tentacles         |     6 |     2 |     7 |    20 ||    35
       Staff             |       |     3 |    14 |    31 ||    48
       Punch             |       |       |     1 |     4 ||     5
 Cast: Magic Dart        |     3 |       |     2 |     7 ||    12
       Mephitic Cloud    |       |     3 |     9 |    12 ||    24
       Conjure Flame     |       |     3 |     7 |    11 ||    21
       Call Imp          |       |     1 |     2 |     1 ||     4
       Blink             |       |       |       |     1 ||     1
Invok: Slouch            |       |       |     1 |     1 ||     2
Evoke: Staff of energy   |       |     1 |     2 |       ||     3
  Use: Potion            |     3 |       |       |       ||     3
 Stab: Sleeping          |     2 |       |       |       ||     2
       Confused          |       |     1 |     6 |     3 ||    10
  Eat: Chunk             |       |       |       |     2 ||     2
Armor: Skin              |     8 |     1 |       |     2 ||    11
Dodge: Dodged            |    20 |     8 |    22 |    34 ||    84
